 Dungeon Crawl Stone Soup version 0.30-a0-956-gcec3b41aec (webtiles) character file.

Game seed: 6538060208218585517

75 vishdafish the Conjurer (level 4, 30/30 HPs)
             Began as a Demonspawn Conjurer on Mar 30, 2023.
             Quit the game on level 2 of the Dungeon.
             The game lasted 00:01:53 (2164 turns).

vishdafish the Conjurer (Demonspawn Conjurer)       Turns: 2164, Time: 00:01:54

Health: 30/30      AC:  4    Str:  8    XL:     4   Next: 11%
Magic:  8/8        EV: 14    Int: 21    God:
Gold:   120        SH:  0    Dex: 11    Spells: 8/9 levels left

rFire   . . .      SeeInvis +    j - +3 dagger (protect)
rCold   . . .      Faith    .    (no shield)
rNeg    . . .      Spirit   .    a - +0 robe
rPois   .          Reflect  .    (no helmet)
rElec   .          Rampage  .    e - +0 cloak
rCorr   .                        (no gloves)
Will    .....                    f - +0 pair of boots
Stlth   ++                       (no amulet)
HPRegen 0.25/turn                n - ring of see invisible
MPRegen 0.11/turn                (no ring)

@: no status effects
A: hooves 2, repulsion field 1
a: no special abilities


You were on level 2 of the Dungeon.
You visited 1 branch of the dungeon, and saw 2 of its levels.

You collected 120 gold pieces.

Inventory:

Hand Weapons
 c - a +0 whip
 h - a +4 dagger
 j - a +3 dagger of protection (weapon)
Armour
 a - a +0 robe (worn)
 e - a +0 cloak (worn)
 f - a +0 pair of boots (worn)
Jewellery
 n - a ring of see invisible (left hand)
 p - a ring of poison resistance
Scrolls
 d - a scroll of immolation {unknown}
 g - a scroll of poison {unknown}
 o - a scroll of identify {unknown}
 q - a scroll of magic mapping {unknown}
 r - a scroll of brand weapon {unknown}
Potions
 b - 3 potions of magic
 i - a potion of lignification {unknown}
 k - a potion of haste {unknown}
 l - a potion of flight {unknown}
 m - a potion of ambrosia {unknown}


   Skills:
 - Level 1.7 Dodging
 - Level 1.7 Stealth
 + Level 3.2 Spellcasting
 + Level 4.9 Conjurations


You had 8 spell levels left.
You knew the following spells:

 Your Spells              Type           Power      Damage    Failure   Level
a - Magic Dart            Conj           96%        1d7       1%          1

Your spell library contained the following spells:

 Spells                   Type           Power      Damage    Failure   Level
 Searing Ray              Conj           48%        2d6       2%          2
 Dazzling Flash           Conj/Hex       26%        N/A       14%         3
 Sublimation of Blood     Necr           3%         N/A       21%         2
 Fulminant Prism          Conj/Hex       6%         3d7       43%         4
 Iskenderun's Mystic Bla  Conj/Tloc      13%        2d5       43%         4
 Petrify                  Tmut/Erth      3%         N/A       78%         4
 Irradiate                Conj/Tmut      6%         3d13      78%         5


Dungeon Overview and Level Annotations

Branches:
Dungeon (2/15)

Altars:


Innate Abilities, Weirdness & Mutations

You have hoof-like feet.
You are surrounded by a mild repulsion field. (EV +2)


Message History

The endoplasm quivers.
The magic dart hits the endoplasm.
You kill the endoplasm!
You can't see any susceptible monsters within range! (Use Z to cast anyway.)
You can't see any susceptible monsters within range! (Use Z to cast anyway.)
Found a ring mail.
You see here a +0 ring mail.
You see here a +0 ring mail.
There is a stone staircase leading up here.
A frilled lizard comes into view.
A frilled lizard is nearby!
The magic dart hits the frilled lizard.
You kill the frilled lizard!
You can't see any susceptible monsters within range! (Use Z to cast anyway.)
You can't see any susceptible monsters within range! (Use Z to cast anyway.)
You pick up a book of Alchemy and begin reading...
You add the spells Sublimation of Blood, Petrify and Irradiate to your library.
There is a stone staircase leading up here.
There is a stone staircase leading down here.
An adder comes into view.
An adder is nearby!
An adder is nearby!
An adder is nearby!
The magic dart hits the adder.
The adder is lightly wounded.
The adder hisses angrily.
The magic dart hits the adder.
The adder is severely wounded.
The magic dart hits the adder.
You kill the adder!
You have reached level 4!
You feel stronger.
Your demonic ancestry asserts itself...
Your feet thicken and deform.
You see here an adder corpse.
Done exploring.
Done exploring.
Done exploring.
Done exploring.
You can't see any susceptible monsters within range! (Use Z to cast anyway.) Are you sure you want to abandon this character and quit the game? (Confirm with "yes".)

........# #.#.......#...#
############.#.#.#.###...#
...#.........#.......#...#
##.#.###########.#.#.....#
#...# #.#.......# #####
#.#######.# #.# #.#
#.#######.# #@..†.....#
#.######### #.# ###


There were no monsters in sight!

Vanquished Creatures
  3 adders (D:2)
  A worm (D:2)
  3 dart slugs
  6 bats
  2 endoplasms (D:2)
  2 giant cockroaches
  5 goblins
  5 hobgoblins
  2 ball pythons (D:1)
  3 frilled lizards
  3 kobolds (D:1)
  6 rats
41 creatures vanquished.

Notes
Turn   | Place    | Note
-------+----------+-------------------------------------------
     0 | D:1      | vishdafish the Demonspawn Conjurer began the quest for the
                  | Orb.
     0 | D:1      | Reached XP level 1. HP: 13/13 MP: 3/3
   205 | D:1      | Gained mutation: You have large cloven feet. [demonic
                  | ancestry]
   205 | D:1      | Reached XP level 2. HP: 19/19 MP: 0/5
  1060 | D:1      | Gained mutation: You are surrounded by a mild repulsion
                  | field. (EV +2) [demonic ancestry]
  1060 | D:1      | Reached XP level 3. HP: 24/24 MP: 1/7
  2123 | D:2      | Gained mutation: You have hoof-like feet. [demonic
                  | ancestry]
  2123 | D:2      | Reached XP level 4. HP: 30/30 MP: 4/8
  2164 | D:2      | Quit the game

Illustrated notes

Levels and vault maps discovered:
D:1:      amcnicky_arrival_choice, layout_loops_ring,
          chequers_serial_rivers_room_a
D:2:      layout_basic

Skill      XL: |  1  2  3 |
---------------+----------+-----
Spellcasting   | 3 |  3.2
Dodging        | |  1.7
Stealth        | |  1.7
Conjurations   | |  4.9

Action                     |  1- 3 |  4- 6 || total
---------------------------+-------+-------++-------
  Melee: Unarmed           |    14 |       ||    14
         Whip              |     3 |       ||     3
         Dagger            |    21 |       ||    21
   Cast: Magic Dart        |    82 |       ||    82
 Armour: Robe              |    15 |       ||    15
  Dodge: Dodged            |    38 |       ||    38

Table legend: (Time is in decaauts)
 A = Elapsed time spent in this place.
 B = Non-inter-level travel time spent in this place.
 C = Inter-level travel time spent in this place.
 D = Time resting spent in this place.
 E = Time spent auto-exploring this place.
 F = Levels seen in this place.
 G = Mean time per level.
                   A        B        C        D        E       F      G
               +--------+--------+--------+--------+--------+-----+--------+
         Total |   2162 |   2121 |     41 |      0 |   1881 |   2 | 1081.0 |
       Dungeon |   2162 |   2121 |     41 |      0 |   1881 |   2 | 1081.0 |
               +--------+--------+--------+--------+--------+-----+--------+

Top non-repeatable levels by time:
     D:1: 1175 daAuts
     D:2: 986 daAuts
